 Dungeon Crawl Stone Soup version 0.26-a0-572-g753d7e3450 (webtiles) character file.

Game seed: 16824657906633851946

1057 MrRokkomies the Skirmisher (level 8, -15/75 HPs)
             Began as a Palentonga Fighter on Aug 21, 2020.
             Was a Follower of Ru.
             Demolished by a two-headed ogre
             ... wielding a +0 giant club
              (23 damage)
             ... on level 6 of the Dungeon.
             The game lasted 00:06:21 (6745 turns).

MrRokkomies the Skirmisher (Palentonga Fighter)     Turns: 6745, Time: 00:06:21

Health: -15/75     AC: 15    Str: 19    XL:     8   Next: 6%
Magic:  8/8        EV:  3    Int:  8    God:    Ru [*.....]
Gold:   484        SH:  9    Dex: 13    Spells: 7/7 levels left

rFire    . . .     SeeInvis +   a - +2 hand axe (elec)
rCold    . . .     Faith    .   c - +0 kite shield
rNeg     . . .     Spirit   .   b - +0 scale mail
rPois    .         Reflect  .   j - +0 helmet
rElec    .         Harm     .   (no cloak)
rCorr    .                      D - +0 pair of gloves
MR       .....                  u - +1 barding
Stlth    ..........             (no amulet)
HPRegen  0.22/turn              (no ring)
MPRegen  0.11/turn              (no ring)

@: no status effects
A: large, rugged brown scales 3, see invisible, deformed body, inability to
train dodging, roll, armoured tail
a: Rolling Charge, Renounce Religion


You were on level 6 of the Dungeon.
You worshipped Ru.
Ru was aware of your devotion.
You visited 2 branches of the dungeon, and saw 7 of its levels.

You collected 484 gold pieces.

Inventory:

Hand Weapons
 a - a +2 hand axe of electrocution (weapon)
Missiles
 n - 3 javelins (quivered)
 v - 22 poisoned darts
 w - 12 boomerangs
Armour
 b - a +0 scale mail (worn)
 c - a +0 kite shield (worn)
 j - a +0 helmet (worn)
 u - a +1 barding (worn)
 D - a +0 pair of gloves (worn)
Wands
 d - a wand of polymorph (5)
 z - a wand of iceblast (9)
 B - a wand of paralysis (10)
Scrolls
 e - 4 scrolls of teleportation
 g - 3 scrolls of enchant weapon
 h - 3 scrolls of identify
 i - a scroll of magic mapping
 l - a scroll of amnesia
 m - 3 scrolls of remove curse
 s - 4 scrolls of fog {unknown}
 t - a scroll of blinking
 y - a scroll of enchant armour
 A - a scroll of holy word {unknown}
Potions
 f - 2 potions of magic
 k - 2 potions of heal wounds {unknown}
 o - 2 potions of berserk rage
 p - 2 potions of curing
 q - a potion of mutation {unknown}
 r - a potion of flight {unknown}
 x - a potion of might
 C - a potion of invisibility {unknown}


   Skills:
 * Level 6.7 Fighting
 * Level 6.2 Axes
 + Level 4.2 Armour
 - Level 2.4 Shields


You had 7 spell levels left.
You didn't know any spells.
Your spell library was empty.

Dungeon Overview and Level Annotations

Branches:
Dungeon (6/15)             Temple (1/1) D:4

Altars:
Ashenzari
Cheibriados
Dithmenos
Elyvilon
Fedhas
Gozag
Hepliaklqana
Kikubaaqudgha
Makhleb
Nemelex Xobeh
Okawaru
Qazlal
Ru
Sif Muna
Trog
Uskayaw
Vehumet
Wu Jian
Xom
Yredelemnul
Zin
The Shining One


Innate Abilities, Weirdness & Mutations

You are completely covered in rugged brown scales. (AC +3, +7% HP)
You have supernaturally acute eyesight. (SInv)
Armour fits poorly on your strangely shaped body.
You cannot train Dodging skill.
You can roll at foes to attack.
You have a long armoured tail.


Message History

The two-headed ogre hits you with a +0 giant club.
The two-headed ogre hits you but does no damage.
You slash the two-headed ogre!
Your tail-slap misses the two-headed ogre.
The two-headed ogre is moderately wounded.
You hit the two-headed ogre.
Your tail-slap misses the two-headed ogre.
The two-headed ogre is heavily wounded.
The two-headed ogre hits you with a +0 giant club!!
The two-headed ogre hits you with a +0 giant spiked club!
* * * LOW HITPOINT WARNING * * *
Your shield and scale mail prevent you from hitting the two-headed ogre.
The two-headed ogre is heavily wounded.
You block the two-headed ogre's attack. x2
You barely miss the two-headed ogre. You tail-slap the two-headed ogre.
The two-headed ogre is heavily wounded.
The two-headed ogre hits you with a +0 giant club.
* * * LOW HITPOINT WARNING * * *
The two-headed ogre hits you with a +0 giant spiked club!!
You die...

.....<....#
#.######.####.#.#.
######....# #.# #)# #...##
##...########### #.# ######
#.............# #.#########
#.............# #.##.....##
#.............###.##..)....
#..............###########.
####........$..# #.
#......@....# ##
#......O....# #...........#
#...........# #...........#
###########.# .# #


You could see a two-headed ogre.

Vanquished Creatures
  Sigmund (D:2)
  An ice beast (D:6)
  An ogre (D:5)
  3 killer bees (D:5)
  A howler monkey (D:6)
  A hound (D:4)
  4 orc priests
  A jelly (D:6)
  Terence (D:2)
  An iguana (D:4)
  A worker ant (D:6)
  A hound skeleton (D:5)
  Robin (D:2)
  4 gnolls
  12 adders
  An ooze (D:1)
  An adder zombie (D:6)
  4 worms
  3 dart slugs
  3 leopard geckos
  9 orcs
  A ball python (D:2)
  9 giant cockroaches
  16 goblins
  5 hobgoblins
  2 jackals (D:1)
  5 kobolds
  A quokka (D:4)
  13 bats
  2 frilled lizards
  2 leopard gecko skeletons
  A rat (D:2)
112 creatures vanquished.

Notes
Turn   | Place    | Note
-------+----------+-------------------------------------------
     0 | D:1      | MrRokkomies the Palentonga Fighter began the quest for the
                  | Orb.
     0 | D:1      | Reached XP level 1. HP: 20/20 MP: 1/1
   140 | D:1      | Reached XP level 2. HP: 27/27 MP: 2/2
   665 | D:1      | Reached XP level 3. HP: 33/33 MP: 3/3
  1096 | D:2      | Noticed Robin
  1114 | D:2      | Reached XP level 4. HP: 26/42 MP: 4/4
  1115 | D:2      | Killed Robin
  1419 | D:2      | Noticed Sigmund
  1428 | D:2      | Killed Sigmund
  1428 | D:2      | Reached XP level 5. HP: 10/50 MP: 5/5
  1428 | D:2      | Reached XP level 6. HP: 11/58 MP: 6/6
  1792 | D:2      | Noticed Terence
  1800 | D:2      | Killed Terence
  2505 | D:2      | Found a shattered altar of Ashenzari.
  2713 | D:3      | Reached skill level 5 in Fighting
  4045 | D:4      | Reached skill level 5 in Axes
  4111 | D:4      | Reached XP level 7. HP: 65/65 MP: 7/7
  4157 | D:4      | Found a staircase to the Ecumenical Temple.
  4163 | Temple   | Entered the Ecumenical Temple
  4413 | Temple   | Became a worshipper of Ru the Awakened
  4993 | D:5      | Entered Level 5 of the Dungeon
  5623 | D:5      | Found a glowing golden altar of the Shining One.
  5747 | D:5      | Gained mutation: You cannot train Dodging skill. [Ru
                  | sacrifice]
  5747 | D:5      | Reached * piety under Ru
  5816 | D:5      | Found a bloodstained altar of Trog.
  5818 | D:5      | Found a shimmering altar of Xom.
  5818 | D:5      | Found a white marble altar of Elyvilon.
  5821 | D:5      | Found a shimmering altar of Xom.
  5821 | D:5      | Found a shimmering altar of Xom.
  5821 | D:5      | Found a glowing golden altar of the Shining One.
  6030 | D:6      | Found an opulent altar of Gozag.
  6376 | D:6      | Reached XP level 8. HP: 60/75 MP: 8/8
  6638 | D:6      | Found a bloodstained altar of Trog.
  6733 | D:6      | Noticed a two-headed ogre
  6745 | D:6      | Demolished by a two-headed ogre

Illustrated notes

Levels and vault maps discovered:
D:1:      erik_arrival_cave_to_civilisation [erik_arrival_cave_to_hall],
          layout_basic
D:2:      layout_loops_ring, overflow_temple_1_default, dk_vineyard_1,
          eino_tiny_chamber, minmay_split_cup_large, uniq_sigmund, uniq_robin,
          uniq_terence
D:3:      layout_basic
D:4:      layout_cave_pods, temple_green
D:5:      layout_basic, basic_altar, doesnt_xom_only_xom
D:6:      layout_basic, basic_altar, trog_book, uniq_crazy_yiuf_cottage
Temple:   roderic_octagonal_lattice_temple

Skill      XL: |  1  2  3  4  5  6  7 |
---------------+----------------------+-----
Axes           | 3 4 5 6 |  6.2
Fighting       | 4 5 6 |  6.7
Armour         | 3 4 |  4.2
Shields        | |  2.4

Action                   |  1- 3 |  4- 6 |  7- 9 || total
-------------------------+-------+-------+-------++-------
Melee: War axe           |    59 |    30 |       ||    89
       Tailslap          |     5 |    18 |    14 ||    37
       Hand axe          |       |   103 |    94 ||   197
Invok: Sacrifice Nimblen |       |       |     1 ||     1
  Use: Potion            |       |     1 |     1 ||     2
       Scroll            |       |    12 |       ||    12
Armor: Scale mail        |    38 |    55 |    74 ||   167
Dodge: Dodged            |    14 |    23 |     8 ||    45
Block: Kite shield       |    40 |    50 |    51 ||   141

Table legend: (Time is in decaauts)
 A = Elapsed time spent in this place.
 B = Non-inter-level travel time spent in this place.
 C = Inter-level travel time spent in this place.
 D = Time resting spent in this place.
 E = Time spent auto-exploring this place.
 F = Levels seen in this place.
 G = Mean time per level.
                   A        B        C        D        E       F      G
               +--------+--------+--------+--------+--------+-----+--------+
         Total |   6806 |   6623 |    183 |    642 |   5283 |   7 |  972.3 |
       Dungeon |   6538 |   6383 |    155 |    642 |   5044 |   6 | 1089.7 |
        Temple |    268 |    240 |     28 |      0 |    239 |   1 |  268.0 |
               +--------+--------+--------+--------+--------+-----+--------+

Top non-repeatable levels by time:
     D:2: 1745 daAuts
     D:3: 1326 daAuts
     D:5: 1040 daAuts
     D:1: 956 daAuts
     D:4: 750 daAuts
     D:6: 719 daAuts
  Temple: 268 daAuts
